Map: Apotheosis LE

Players

Gracz - Winner!

  • Race: Zerg Zerg
  • League: Silver

BOOMER

  • Race: Terran Terran
  • League: Silver

VOD

Have the link to the VOD?

Description

Time

  • Played on: Oct. 10, 2016, 12:55 p.m.
  • Length: 4:20
Show
View Real Time Build Order
Export as new Build Order

Gracz Zerg - Winner!

Build Orders: Pool First 

Get SALT Encoding   

  12  0:08  Drone x2  
  14  0:29  Spawning Pool  
  14  0:32  Drone  
  14  1:07  Hatchery  
  13  1:16  Zergling x2  
  14  1:22  Overlord  
  14  1:42  Zergling x6  
  17  2:04  Drone  
  18  2:24  Drone x2  
  18  2:29  Roach Warren  
  19  2:35  Hatchery  
  18  2:53  Zergling x4  
  18  2:54  Zergling x2  
  21  3:14  Queen  
  21  3:15  Extractor  
  21  3:17  Extractor  
  20  3:55  Zergling x2  
Show
View Real Time Build Order
Export as new Build Order

BOOMER Terran 

Build Orders:  

Get SALT Encoding   

  12  0:01  SCV  
  13  0:16  Supply Depot  
  13  0:25  Refinery  
  13  0:43  Barracks  
  13  0:46  SCV  
  14  0:51  Refinery  
  14  1:36  Supply Depot  
  14  2:03  Factory  
  14  2:17  Barracks Reactor  
  14  2:56  Marine  
  15  3:05  Widow Mine  
  16  3:55  Marine  
  16  3:56  Marine  
Tags
 
Add a new tag
Caveats
  • Supply blocks, unpowered buildings, or Contaminate may cause inaccurate times.
  • Supply counts are checked every 10 seconds.